 Dungeon Crawl Stone Soup version 0.21-a0-329-g12f17e1 (webtiles) character file.

84 vishdafish the Charmwright (level 4, 19/34 HPs)
             Began as a Demonspawn Skald on Oct 1, 2017.
             Quit the game on level 2 of the Dungeon.
             The game lasted 00:02:45 (1729 turns).

vishdafish the Charmwright (Demonspawn Skald)       Turns: 1729, Time: 00:02:46

Health: 19/34      AC:  4    Str: 11    XL:     4   Next: 23%
Magic:  2/7        EV: 12    Int: 16    God:
Gold:   67         SH:  0    Dex: 12    Spells: 6/7 levels left

rFire    . . .     SeeInvis .   a - +0 spear
rCold    . . .     Gourm    .   (no shield)
rNeg     . . .     Faith    .   b - +0 leather armour
rPois    .         Spirit   .   (helmet restricted)
rElec    .         Reflect  .   (no cloak)
rCorr    .         Harm     .   (no gloves)
MR       .....                  i - +0 pair of boots
Stlth    +.........             (no amulet)
HPRegen  0.11/turn              (no ring)
MPRegen  0.10/turn              (no ring)

@: infused (expiring)
A: horns 1, rot immunity
a: no special abilities


You were on level 2 of the Dungeon.
You were hungry.

You visited 1 branch of the dungeon, and saw 2 of its levels.

You collected 67 gold pieces.

Inventory:

Hand Weapons
 a - a +0 spear (weapon)
Armour
 b - a +0 leather armour (worn)
 i - a +0 pair of boots (worn)
Scrolls
 e - a scroll of fear {unknown}
 f - 3 scrolls of identify {unknown}
 k - 2 scrolls of remove curse {unknown}
 m - a scroll of enchant armour {unknown}
Potions
 h - a potion of degeneration {unknown}
 l - a potion of agility {unknown}
Books
 c - a book of Battle

   Spells                             Type                      Level
   a - Infusion                       Charms                       1
   b - Shroud of Golubria             Charms/Translocation         2
   c - Song of Slaying                Charms                       2
   d - Spectral Weapon                Hexes/Charms                 3
   e - Regeneration                   Charms/Necromancy            3
Comestibles
 d - a bread ration
 g - a royal jelly
 j - a meat ration


   Skills:
 + Level 2.4 Fighting
 * Level 2.8 Polearms
 - Level 2.1 Armour
 - Level 2.0 Dodging
 - Level 2.0 Spellcasting
 - Level 3.0 Charms


You had 6 spell levels left.
You knew the following spells:

 Your Spells              Type           Power        Failure   Level  Hunger
a - Infusion              Chrm           ##..         8%          1    #......


Dungeon Overview and Level Annotations

Branches:
Dungeon (2/15)

Altars:


Innate Abilities, Weirdness & Mutations

You have a pair of small horns on your head.
You are immune to rotting.


Message History

The goblin shouts!
A goblin is nearby!
Found 10 poisoned needles.
You hit the goblin.
You kill the goblin!
No target in view!
No target in view!
No target in view!
No target in view!
No target in view!
No target in view!
No target in view!
No target in view!
No target in view!
No target in view!
No target in view!
Casting: Infusion
Confirm with . or Enter, or press ? or * to list all spells.
Okay, then.
Are you sure you want to abandon this character and quit the game? (Confirm with "yes".)

#...#######
##...##...##
##......<...##
#.......รท....########
#.....(.............#
#..............(....#
##..........#.......#
##...##...#####....#
#.###.......(.@...#
#.....###..###)...#
##..#### ##.# #....#
##..## .. .....# ...)#
#....# ###.# #....#
###.### #....#
#..)..## #....#
.......##


There were no monsters in sight!

Vanquished Creatures
  4 adders
  A worm (D:2)
  A dart slug (D:1)
  3 bats (D:1)
  2 giant cockroaches (D:1)
  6 goblins
  7 hobgoblins
  2 jackals (D:1)
  3 kobolds (D:1)
  A quokka (D:2)
  6 frilled lizards (D:1)
  4 rats
40 creatures vanquished.

Notes
Turn   | Place    | Note
-------+----------+-------------------------------------------
     0 | D:1      | vishdafish the Demonspawn Skald began the quest for the Orb.
     0 | D:1      | Reached XP level 1. HP: 16/16 MP: 3/3
   479 | D:1      | Reached skill level 1 in Armour
   479 | D:1      | Gained mutation: You have a pair of small horns on your head. [demonic ancestry]
   479 | D:1      | Reached XP level 2. HP: 21/22 MP: 0/5
   730 | D:1      | Reached skill level 3 in Charms
   954 | D:1      | Reached XP level 3. HP: 27/27 MP: 3/6
  1348 | D:1      | Gained mutation: You are immune to rotting. [demonic ancestry]
  1348 | D:1      | Reached XP level 4. HP: 24/33 MP: 1/7
  1729 | D:2      | Quit the game

Vault maps used:
D:1:      lemuel_arrival_muddy, minmay_lizard_pond
D:2:      nicolae_qazlal_eye_of_the_storm, first_bread, lemuel_blue_sif_altar

Skill      XL: |  1  2  3 |
---------------+----------+-----
Polearms       | 2 |  2.8
Armour         | 1 2 |  2.1
Charms         | 3 |  3.0
Dodging        | 2 |  2.0
Fighting       | |  2.4
Spellcasting   | |  2.0

Action                   |  1- 3 |  4- 6 || total
-------------------------+-------+-------++-------
Melee: Spear             |   115 |    16 ||   131
       Headbutt          |     8 |     1 ||     9
 Cast: Infusion          |    11 |     2 ||    13
 Stab: Sleeping          |     1 |       ||     1
  Eat: Chunk             |     2 |       ||     2
Armor: Leather armour    |    24 |     1 ||    25
Dodge: Dodged            |    68 |     7 ||    75

Table legend:
 A = Spawn XP
 B = Non-spawn XP
 C = Spawn XP percentage of total XP
 D = Spawn monster count
 E = Non-spawn monster count
 F = Spawn count percentage of total count
 G = Total turns spent on level
                    A         B        C        D         E        F      G
               +---------+---------+-------+---------+---------+-------+---------
         Total |       0 |     120 |   0.0 |       0 |      40 |   0.0 |  1729
               +---------+---------+-------+---------+---------+-------+---------
           D:1 |       0 |      79 |   0.0 |       0 |      32 |   0.0 |  1629
           D:2 |       0 |      41 |   0.0 |       0 |       8 |   0.0 |   100
               +---------+---------+-------+---------+---------+-------+---------
